AoeStats
← Rao8830

Arena

509618148Analyzed
1v1 RM · 5d ago on Sep 27, 2026· 30m 26s· 2 players
Game mode
Random Map
Map size
Tiny (2 player)
Population
200
Speed
Normal
Resources
Standard
Victory
Conquest
Starting age
Dark Age
Ending age
Imperial Age
RankedLock teamsTeams togetherTeam positionsShared explorationLock speedFull tech treeHidden civsTurbo modeCheats
Victory
Defeat
🇮🇳 Portuguese · India
1138
+15
🇨🇦 Khmer · Canada
1125
-15
BigOleGiraffe
0:28 Loom
10:03 Feudal Age
12:56 Castle Age
11:17 Double-Bit Axe
14:35 Bow Saw
17:16 Horse Collar
21:57 Redemption
Rao8830
10:20 Feudal Age
11:15 Double-Bit Axe
11:45 Horse Collar
17:31 Castle Age
18:25 Bow Saw
18:49 Loom
22:04 Heavy Plow
Connection lost

Rejoining the realm…

Still unreachable

The connection could not be restored.

Session expired

The server has moved on; the page needs a fresh start.